[ AOE2 MATCH · #472015459 ]
UnrankedKoreans vs Maya
[ REPLAY ANALYSIS · EXTRACTED FROM THE RECORDED GAME ]
Feudal
11:45
Castle
15:32
Imperial
39:13
| APM avg | 48.0 |
| APM peak | 75 |
| eAPM avg | 23.9 |
| Villagers / military | 126 / 67 |
Focus
⚔️ 27.0% · 🌾 73.0%
Skirmisher ×43 · Fire Lancer ×24
Feudal
12:19
Castle
19:16
Imperial
33:25
| APM avg | 19.5 |
| APM peak | 38 |
| eAPM avg | 12.8 |
| Villagers / military | 103 / 99 |
Focus
⚔️ 30.9% · 🌾 69.1%
Spearman ×93 · Fishing Ship ×8 · Battering Ram ×6
Feudal
12:10
Castle
29:05
Imperial
—
| APM avg | 15.9 |
| APM peak | 62 |
| eAPM avg | 7.2 |
| Villagers / military | 48 / 17 |
Focus
⚔️ 21.2% · 🌾 78.8%
Spearman ×17
Feudal
—
Castle
—
Imperial
—
| APM avg | 22.0 |
| APM peak | 82 |
| eAPM avg | 10.7 |
| Villagers / military | 56 / 48 |
Focus
⚔️ 29.2% · 🌾 70.8%
Conquistador ×22 · Petard ×20 · Battering Ram ×6
Feudal
9:05
Castle
23:21
Imperial
—
| APM avg | 23.8 |
| APM peak | 49 |
| eAPM avg | 12.6 |
| Villagers / military | 59 / 41 |
Focus
⚔️ 27.8% · 🌾 72.2%
Skirmisher ×20 · Scout Cavalry ×11 · Camel Scout ×10
Feudal
9:28
Castle
21:05
Imperial
37:24
| APM avg | 33.7 |
| APM peak | 118 |
| eAPM avg | 18.6 |
| Villagers / military | 146 / 132 |
Focus
⚔️ 16.2% · 🌾 83.8%
Camel Scout ×118 · Battering Ram ×4 · Scout Cavalry ×4 · Trebuchet (Packed) ×4 · Monk ×2
Feudal
10:15
Castle
22:34
Imperial
—
| APM avg | 46.7 |
| APM peak | 83 |
| eAPM avg | 21.1 |
| Villagers / military | 118 / 72 |
Focus
⚔️ 29.2% · 🌾 70.8%
Cavalry Archer ×60 · Scout Cavalry ×12
Feudal
10:32
Castle
21:31
Imperial
35:44
| APM avg | 24.2 |
| APM peak | 57 |
| eAPM avg | 12.2 |
| Villagers / military | 91 / 120 |
Focus
⚔️ 25.0% · 🌾 75.0%
Knight ×114 · Scout Cavalry ×4 · Trebuchet (Packed) ×2
Match map
Initial resources + every placement click. Lines = walls · curves = elevation contours. ◆ gold · ⬟ stone · ● berries · ✦ relic · ◌ wall gap
Your base· Open — unwalled flank
MayaWilly's base· ✓ Closed at 19:16 · 57t walls · 2 gate(s)
Slinkies's base· Open — unwalled flank
MadKitten 77's base· Open — 7t gap
Jdog64's base· ✓ Closed at 23:21 · 32t walls · 2 gate(s)
RappeGol's base· Open — unwalled flank
Camenin's base· Open — 10t gap
Clone's base· ✓ Closed at 21:31 · 53t walls · no gate
Smoothed initial terrain · ◌ = detected wall gap · hover for details
Inputs per minute
— chinese bonfire - - MayaWilly
Build order — chinese bonfire
First 150 of 349 actions detected
| 0:03 | Create | Villager (Male) |
| 0:03 | Create | Villager (Male) |
| 0:03 | Create | Villager (Male) |
| 0:04 | Build | House |
| 0:05 | Build | House |
| 0:12 | Create | Villager (Male) |
| 1:30 | Create | Villager (Male) |
| 1:59 | Build | Lumber Camp |
| 2:05 | Create | Villager (Male) |
| 2:20 | Create | Villager (Male) |
| 2:57 | Create | Villager (Male) |
| 3:18 | Create | Villager (Male) |
| 3:38 | Create | Villager (Male) |
| 4:12 | Create | Villager (Male) |
| 4:15 | Build | House |
| 4:28 | Create | Villager (Male) |
| 4:33 | Build | Mill |
| 5:25 | Create | Villager (Male) |
| 5:36 | Create | Villager (Male) |
| 5:47 | Create | Villager (Male) |
| 6:16 | Create | Villager (Male) |
| 6:21 | Build | House |
| 6:55 | Build | Mill |
| 6:58 | Create | Villager (Male) |
| 7:02 | Create | Villager (Male) |
| 7:44 | Create | Villager (Male) |
| 7:44 | Create | Villager (Male) |
| 7:47 | Build | Farm |
| 7:48 | Build | Farm |
| 7:50 | Build | Farm |
| 7:51 | Create | Villager (Male) |
| 8:14 | Build | Mining Camp |
| 8:15 | Create | Villager (Male) |
| 8:34 | Research | Loom |
| 9:19 | Research | Feudal Age |
| 10:01 | Create | Villager (Male) |
| 10:01 | Create | Villager (Male) |
| 10:10 | Build | Farm |
| 10:29 | Create | Villager (Male) |
| 10:30 | Create | Villager (Male) |
| 10:37 | Build | House |
| 11:45 | Age | Feudal Age |
| 11:48 | Build | Blacksmith |
| 12:06 | Build | Market |
| 12:52 | Research | Castle Age |
| 14:04 | Build | Palisade Wall |
| 14:06 | Build | Palisade Wall |
| 14:08 | Build | House |
| 14:27 | Build | Barracks |
| 14:33 | Create | Villager (Male) |
| 14:45 | Build | Barracks |
| 15:07 | Create | Villager (Male) |
| 15:11 | Research | Scale Barding Armor |
| 15:32 | Age | Castle Age |
| 15:35 | Create | Fire Lancer |
| 15:36 | Create | Fire Lancer |
| 15:36 | Create | Villager (Male) |
| 15:46 | Create | Villager (Male) |
| 15:52 | Build | Mining Camp |
| 15:54 | Create | Fire Lancer |
| 15:59 | Create | Villager (Male) |
| 16:03 | Build | Lumber Camp |
| 16:06 | Create | Fire Lancer |
| 16:10 | Build | House |
| 16:24 | Research | Squires |
| 16:31 | Create | Villager (Male) |
| 16:38 | Create | Villager (Male) |
| 16:44 | Create | Fire Lancer |
| 16:50 | Create | Villager (Male) |
| 16:54 | Create | Villager (Male) |
| 16:59 | Research | Double-Bit Axe |
| 17:05 | Create | Villager (Male) |
| 17:08 | Create | Fire Lancer |
| 17:13 | Create | Villager (Male) |
| 17:17 | Build | Watch Tower |
| 17:27 | Create | Fire Lancer |
| 17:34 | Build | House |
| 17:58 | Create | Villager (Male) |
| 18:03 | Create | Villager (Male) |
| 18:11 | Build | House |
| 18:12 | Build | House |
| 18:12 | Create | Villager (Male) |
| 18:23 | Research | Fletching |
| 18:28 | Create | Fire Lancer |
| 18:28 | Create | Fire Lancer |
| 18:43 | Create | Villager (Male) |
| 19:00 | Create | Fire Lancer |
| 19:01 | Create | Fire Lancer |
| 19:10 | Research | Scale Mail Armor |
| 19:11 | Research | Scale Mail Armor |
| 19:18 | Build | House |
| 19:21 | Create | Villager (Male) |
| 19:35 | Build | Watch Tower |
| 19:44 | Build | Watch Tower |
| 19:46 | Create | Fire Lancer |
| 19:53 | Create | Villager (Male) |
| 19:53 | Create | Villager (Male) |
| 20:03 | Build | Town Center |
| 20:04 | Create | Villager (Male) |
| 20:16 | Build | House |
| 20:17 | Create | Fire Lancer |
| 20:45 | Build | Watch Tower |
| 20:46 | Create | Villager (Male) |
| 20:52 | Create | Villager (Male) |
| 20:58 | Create | Villager (Male) |
| 20:58 | Create | Villager (Male) |
| 21:14 | Build | Farm |
| 21:15 | Build | Farm |
| 21:17 | Build | Farm |
| 21:18 | Build | Farm |
| 21:20 | Create | Fire Lancer |
| 21:38 | Create | Villager (Male) |
| 21:44 | Create | Villager (Male) |
| 21:49 | Create | Villager (Male) |
| 21:50 | Build | Farm |
| 21:56 | Build | Farm |
| 21:56 | Build | Farm |
| 21:56 | Build | Farm |
| 21:57 | Build | Farm |
| 22:16 | Build | Watch Tower |
| 22:18 | Create | Fire Lancer |
| 22:19 | Create | Fire Lancer |
| 22:25 | Create | Villager (Male) |
| 22:32 | Create | Fire Lancer |
| 22:32 | Create | Fire Lancer |
| 22:33 | Create | Villager (Male) |
| 22:35 | Build | House |
| 22:36 | Build | House |
| 22:47 | Create | Villager (Male) |
| 23:07 | Build | Farm |
| 23:38 | Create | Villager (Male) |
| 23:40 | Create | Villager (Male) |
| 23:55 | Create | Villager (Male) |
| 23:55 | Create | Villager (Male) |
| 24:12 | Create | Fire Lancer |
| 24:13 | Create | Fire Lancer |
| 24:19 | Create | Villager (Male) |
| 24:29 | Create | Villager (Male) |
| 24:36 | Create | Villager (Male) |
| 24:39 | Build | Farm |
| 24:39 | Build | Farm |
| 24:40 | Build | Farm |
| 24:51 | Build | Watch Tower |
| 24:52 | Create | Villager (Male) |
| 24:52 | Create | Villager (Male) |
| 24:55 | Build | House |
| 24:56 | Build | House |
| 25:11 | Build | Town Center |
| 25:26 | Create | Villager (Male) |
| 25:27 | Create | Villager (Male) |
Build order — MayaWilly
First 150 of 264 actions detected
| 0:02 | Research | Loom |
| 0:02 | Create | Villager (Male) ×3 |
| 0:03 | Create | Villager (Male) ×3 |
| 0:04 | Build | House |
| 1:04 | Build | House |
| 1:13 | Build | House |
| 1:14 | Build | House |
| 1:27 | Create | Villager (Male) |
| 1:27 | Create | Villager (Male) |
| 2:28 | Create | Villager (Male) |
| 2:29 | Create | Villager (Male) |
| 2:29 | Create | Villager (Male) |
| 3:07 | Create | Villager (Male) |
| 3:42 | Create | Villager (Male) |
| 3:42 | Create | Villager (Male) |
| 3:42 | Create | Villager (Male) |
| 3:47 | Create | Villager (Male) |
| 3:47 | Create | Villager (Male) |
| 4:52 | Create | Villager (Male) |
| 4:52 | Create | Villager (Male) |
| 4:52 | Create | Villager (Male) |
| 4:52 | Create | Villager (Male) |
| 4:53 | Create | Villager (Male) |
| 4:53 | Create | Villager (Male) |
| 5:50 | Build | Dock |
| 6:23 | Create | Villager (Male) |
| 6:23 | Create | Villager (Male) |
| 6:24 | Create | Villager (Male) |
| 6:24 | Create | Villager (Male) |
| 6:24 | Create | Villager (Male) |
| 6:24 | Create | Villager (Male) |
| 7:01 | Create | Fishing Ship |
| 7:02 | Create | Fishing Ship |
| 7:12 | Create | Villager (Male) |
| 7:12 | Create | Villager (Male) |
| 7:12 | Create | Villager (Male) |
| 7:13 | Create | Villager (Male) |
| 7:13 | Create | Villager (Male) |
| 7:33 | Build | Lumber Camp |
| 8:28 | Build | House |
| 8:30 | Build | House |
| 8:51 | Build | Mill |
| 9:13 | Build | Palisade Wall |
| 9:24 | Build | Palisade Wall |
| 9:31 | Build | Palisade Wall |
| 9:46 | Create | Fishing Ship |
| 9:46 | Create | Fishing Ship |
| 9:46 | Create | Fishing Ship |
| 10:09 | Research | Feudal Age |
| 10:24 | Build | House |
| 10:39 | Build | Mining Camp |
| 11:02 | Build | Palisade Wall |
| 11:27 | Build | Palisade Wall |
| 11:40 | Build | Farm |
| 11:41 | Build | Farm |
| 11:41 | Build | Farm |
| 11:41 | Build | Farm |
| 11:41 | Build | Farm |
| 11:42 | Build | Farm |
| 11:42 | Build | Farm |
| 11:42 | Build | Farm |
| 11:42 | Build | Farm |
| 11:43 | Build | Farm |
| 12:15 | Build | Palisade Wall |
| 12:19 | Age | Feudal Age |
| 12:20 | Create | Villager (Male) |
| 12:21 | Create | Villager (Male) |
| 12:21 | Create | Villager (Male) |
| 12:21 | Create | Villager (Male) |
| 12:27 | Research | Double-Bit Axe |
| 13:05 | Build | Market |
| 13:17 | Create | Villager (Male) |
| 13:18 | Create | Villager (Male) |
| 13:18 | Create | Villager (Male) |
| 13:52 | Build | Blacksmith |
| 14:13 | Build | Farm |
| 14:55 | Build | Farm |
| 14:58 | Build | Farm |
| 14:59 | Build | Farm |
| 15:07 | Build | House |
| 15:09 | Build | House |
| 15:17 | Research | Horse Collar |
| 15:34 | Build | Palisade Gate |
| 15:48 | Build | Barracks |
| 16:09 | Build | Fish Trap |
| 16:36 | Research | Castle Age |
| 16:43 | Create | Spearman |
| 16:43 | Create | Spearman |
| 16:48 | Create | Spearman |
| 16:48 | Create | Spearman |
| 16:54 | Build | Fish Trap |
| 17:06 | Build | Fish Trap |
| 17:16 | Create | Spearman |
| 17:28 | Research | Forging |
| 17:28 | Research | Forging |
| 17:47 | Create | Spearman |
| 17:47 | Create | Spearman |
| 18:13 | Create | Spearman |
| 18:14 | Create | Spearman |
| 18:33 | Build | Gate |
| 19:16 | Age | Castle Age |
| 19:26 | Build | Town Center |
| 19:29 | Create | Villager (Male) |
| 19:30 | Create | Villager (Male) |
| 19:47 | Build | Farm |
| 19:47 | Build | Farm |
| 19:48 | Build | Farm |
| 19:48 | Build | Farm |
| 19:48 | Build | Farm |
| 19:48 | Build | Farm |
| 19:49 | Build | Farm |
| 19:49 | Build | Farm |
| 19:49 | Build | Farm |
| 20:08 | Research | Pikeman (upgrade) |
| 20:20 | Create | Villager (Male) |
| 20:20 | Create | Villager (Male) |
| 20:20 | Create | Villager (Male) |
| 20:41 | Create | Villager (Male) ×5 |
| 20:41 | Create | Villager (Male) ×5 |
| 20:41 | Create | Villager (Male) ×5 |
| 20:55 | Build | Farm |
| 21:00 | Create | Fishing Ship |
| 22:12 | Build | Town Center |
| 22:16 | Build | House |
| 22:18 | Build | House |
| 22:43 | Research | Bow Saw |
| 22:51 | Create | Villager (Male) |
| 22:51 | Create | Villager (Male) |
| 22:54 | Create | Villager (Male) |
| 22:54 | Create | Villager (Male) |
| 22:54 | Create | Villager (Male) |
| 22:58 | Create | Villager (Male) |
| 23:42 | Research | Iron Casting |
| 24:40 | Build | Barracks |
| 24:41 | Build | Barracks |
| 24:46 | Create | Villager (Male) ×5 |
| 24:47 | Create | Villager (Male) ×5 |
| 24:47 | Create | Villager (Male) ×5 |
| 25:23 | Build | Barracks |
| 25:28 | Research | Eagle Warrior (upgrade) |
| 25:31 | Research | Squires |
| 25:37 | Create | Villager (Male) ×2 |
| 25:38 | Create | Villager (Male) ×2 |
| 25:42 | Create | Fishing Ship |
| 25:43 | Create | Fishing Ship |
| 25:49 | Build | Fish Trap |
| 25:50 | Build | Fish Trap |
| 25:52 | Build | Fish Trap |
| 25:54 | Build | Fish Trap |
| 26:27 | Build | House |
Build order — Slinkies
122 actions detected in the replay
| 0:11 | Create | Villager (Male) |
| 0:11 | Create | Villager (Male) |
| 0:11 | Create | Villager (Male) |
| 0:12 | Create | Villager (Male) |
| 0:45 | Build | House |
| 1:35 | Create | Villager (Male) |
| 1:36 | Create | Villager (Male) |
| 2:13 | Build | House |
| 3:13 | Build | Mill |
| 3:43 | Create | Villager (Male) |
| 3:43 | Create | Villager (Male) |
| 3:43 | Create | Villager (Male) |
| 4:06 | Create | Villager (Male) |
| 4:29 | Create | Villager (Male) |
| 5:43 | Create | Villager (Male) |
| 5:43 | Create | Villager (Male) |
| 6:46 | Build | House |
| 7:18 | Create | Villager (Male) |
| 7:19 | Create | Villager (Male) |
| 9:24 | Build | Lumber Camp |
| 9:33 | Create | Villager (Male) |
| 10:00 | Research | Feudal Age |
| 10:51 | Build | Farm |
| 10:52 | Build | Farm |
| 10:54 | Build | Farm |
| 11:46 | Build | Mill |
| 12:10 | Age | Feudal Age |
| 12:17 | Research | Wheelbarrow |
| 12:31 | Research | Horse Collar |
| 12:43 | Research | Double-Bit Axe |
| 12:45 | Create | Villager (Male) |
| 12:46 | Create | Villager (Male) |
| 12:51 | Create | Villager (Male) |
| 13:57 | Build | Watch Tower |
| 14:58 | Build | Barracks |
| 15:36 | Research | Loom |
| 16:01 | Create | Spearman |
| 16:03 | Create | Spearman |
| 16:04 | Create | Spearman |
| 16:04 | Create | Spearman |
| 16:05 | Create | Spearman |
| 16:05 | Create | Spearman |
| 16:16 | Create | Villager (Male) |
| 16:17 | Create | Villager (Male) |
| 16:17 | Create | Villager (Male) |
| 16:17 | Create | Villager (Male) |
| 16:17 | Create | Villager (Male) |
| 16:55 | Create | Spearman |
| 17:14 | Build | Farm |
| 17:16 | Build | Farm |
| 17:17 | Build | Farm |
| 17:30 | Create | Spearman |
| 18:01 | Build | Farm |
| 18:03 | Build | Farm |
| 18:06 | Build | Farm |
| 18:32 | Build | House |
| 18:51 | Create | Villager (Male) |
| 18:52 | Create | Villager (Male) |
| 19:08 | Build | Farm |
| 19:54 | Build | Farm |
| 20:00 | Build | Farm |
| 20:37 | Create | Villager (Male) |
| 21:11 | Build | House |
| 21:13 | Build | House |
| 21:49 | Create | Villager (Male) |
| 21:50 | Create | Villager (Male) |
| 22:30 | Build | Farm |
| 22:44 | Build | Farm |
| 22:58 | Build | Farm |
| 23:31 | Build | Farm |
| 24:16 | Create | Villager (Male) |
| 24:17 | Create | Villager (Male) |
| 24:58 | Build | Archery Range |
| 25:07 | Create | Villager (Male) |
| 25:07 | Create | Villager (Male) |
| 25:20 | Build | Market |
| 25:45 | Build | Farm |
| 25:46 | Build | Farm |
| 26:04 | Build | Farm |
| 26:22 | Build | Farm |
| 26:25 | Research | Castle Age |
| 27:26 | Build | Stone Wall |
| 27:43 | Build | Stone Wall |
| 27:46 | Build | Stone Wall |
| 27:50 | Build | Stone Wall |
| 28:52 | Create | Villager (Male) |
| 28:52 | Create | Villager (Male) |
| 28:52 | Create | Villager (Male) |
| 28:53 | Create | Villager (Male) |
| 28:53 | Create | Villager (Male) |
| 29:05 | Age | Castle Age |
| 29:58 | Research | Heavy Plow |
| 32:13 | Create | Villager (Male) |
| 32:13 | Create | Villager (Male) |
| 32:13 | Create | Villager (Male) |
| 32:13 | Create | Villager (Male) |
| 32:14 | Create | Villager (Male) |
| 32:14 | Create | Villager (Male) |
| 32:14 | Create | Villager (Male) |
| 34:00 | Create | Villager (Male) |
| 34:00 | Create | Villager (Male) |
| 34:01 | Create | Villager (Male) |
| 34:14 | Build | Lumber Camp |
| 35:51 | Build | Mining Camp |
| 36:25 | Build | Monastery |
| 36:50 | Research | Stone Mining |
| 37:26 | Build | Stone Wall |
| 38:12 | Research | Man-at-Arms (upgrade) |
| 38:13 | Research | Squires |
| 38:26 | Create | Spearman |
| 38:26 | Create | Spearman |
| 38:27 | Create | Spearman |
| 38:27 | Create | Spearman |
| 38:27 | Create | Spearman |
| 38:28 | Create | Spearman |
| 38:30 | Create | Spearman |
| 38:30 | Create | Spearman |
| 38:34 | Create | Spearman |
| 39:24 | Research | Bow Saw |
| 39:39 | Research | Long Swordsman (upgrade) |
| 40:46 | Build | Farm |
| 40:48 | Build | Farm |
Build order — MadKitten 77
First 150 of 167 actions detected
| 0:04 | Build | House |
| 0:05 | Build | House |
| 0:06 | Create | Villager (Male) |
| 0:06 | Create | Villager (Male) |
| 0:07 | Create | Villager (Male) |
| 0:07 | Create | Villager (Male) |
| 2:04 | Build | Lumber Camp |
| 2:05 | Create | Villager (Male) |
| 2:06 | Create | Villager (Male) |
| 2:25 | Create | Villager (Male) |
| 2:25 | Create | Villager (Male) |
| 3:05 | Create | Villager (Male) |
| 3:05 | Create | Villager (Male) |
| 3:05 | Create | Villager (Male) |
| 3:24 | Create | Villager (Male) |
| 4:03 | Build | Mill |
| 4:05 | Create | Villager (Male) |
| 4:27 | Build | House |
| 4:39 | Create | Villager (Male) |
| 5:10 | Create | Villager (Male) |
| 5:10 | Create | Villager (Male) |
| 5:37 | Create | Villager (Male) |
| 5:40 | Build | House |
| 6:11 | Create | Villager (Male) |
| 6:36 | Create | Villager (Male) |
| 6:40 | Create | Villager (Male) |
| 7:39 | Build | Mining Camp |
| 7:54 | Create | Villager (Male) |
| 7:55 | Create | Villager (Male) |
| 7:55 | Create | Villager (Male) |
| 7:55 | Create | Villager (Male) |
| 8:04 | Build | House |
| 8:08 | Create | Villager (Male) |
| 8:08 | Create | Villager (Male) |
| 8:37 | Build | Mining Camp |
| 8:41 | Create | Villager (Male) |
| 9:44 | Research | Feudal Age |
| 11:06 | Build | Mill |
| 12:37 | Build | Palisade Wall |
| 13:10 | Build | House |
| 13:11 | Build | House |
| 13:19 | Build | House |
| 13:31 | Build | Palisade Wall |
| 13:35 | Build | Palisade Wall |
| 13:41 | Build | Palisade Wall |
| 13:59 | Build | Farm |
| 14:00 | Build | Farm |
| 14:02 | Build | Farm |
| 14:03 | Build | Farm |
| 14:04 | Build | Farm |
| 14:05 | Build | Farm |
| 14:07 | Build | Farm |
| 14:08 | Build | Farm |
| 14:55 | Build | Palisade Wall |
| 15:08 | Build | House |
| 15:13 | Build | House |
| 15:39 | Build | Market |
| 16:21 | Build | Palisade Gate |
| 16:33 | Build | Palisade Wall |
| 16:35 | Build | Palisade Wall |
| 18:11 | Build | Blacksmith |
| 18:59 | Research | Castle Age |
| 20:01 | Create | Villager (Male) |
| 20:01 | Create | Villager (Male) |
| 20:02 | Create | Villager (Male) |
| 20:02 | Create | Villager (Male) |
| 20:02 | Create | Villager (Male) |
| 20:41 | Build | Stone Wall |
| 21:24 | Build | House |
| 21:29 | Build | House |
| 21:33 | Build | House |
| 21:36 | Build | House |
| 21:48 | Build | Castle |
| 21:59 | Build | Stone Wall |
| 22:29 | Create | Villager (Male) |
| 22:30 | Create | Villager (Male) |
| 22:30 | Create | Villager (Male) |
| 22:30 | Create | Villager (Male) |
| 23:12 | Build | Lumber Camp |
| 23:13 | Create | Conquistador |
| 23:13 | Create | Conquistador |
| 23:13 | Create | Conquistador |
| 23:13 | Create | Conquistador |
| 23:13 | Create | Conquistador |
| 23:59 | Build | Siege Workshop |
| 24:14 | Build | House |
| 24:19 | Build | House |
| 24:26 | Create | Conquistador |
| 24:26 | Create | Conquistador |
| 25:09 | Create | Conquistador |
| 26:01 | Create | Battering Ram |
| 27:45 | Create | Conquistador |
| 27:45 | Create | Conquistador |
| 27:45 | Create | Conquistador |
| 27:45 | Create | Conquistador |
| 27:50 | Build | Farm |
| 30:00 | Create | Conquistador |
| 30:01 | Create | Conquistador |
| 30:01 | Create | Conquistador |
| 30:01 | Create | Conquistador |
| 30:19 | Create | Villager (Male) |
| 30:19 | Create | Villager (Male) |
| 30:19 | Create | Villager (Male) |
| 30:19 | Create | Villager (Male) |
| 30:20 | Create | Villager (Male) |
| 30:21 | Create | Villager (Male) |
| 31:43 | Create | Petard |
| 31:43 | Create | Petard |
| 31:44 | Create | Petard |
| 31:44 | Create | Petard |
| 31:44 | Create | Petard |
| 31:45 | Create | Petard |
| 31:45 | Create | Petard |
| 31:45 | Create | Petard |
| 31:45 | Create | Petard |
| 32:16 | Create | Battering Ram |
| 33:19 | Build | Town Center |
| 33:31 | Create | Petard |
| 33:31 | Create | Petard |
| 33:32 | Create | Petard |
| 33:32 | Create | Petard |
| 34:27 | Create | Petard |
| 34:27 | Create | Petard |
| 34:27 | Create | Petard |
| 35:07 | Create | Battering Ram |
| 35:48 | Create | Petard |
| 35:48 | Create | Petard |
| 35:48 | Create | Petard |
| 35:48 | Create | Petard |
| 35:58 | Build | Town Center |
| 36:15 | Research | Double-Bit Axe |
| 37:34 | Create | Conquistador |
| 37:34 | Create | Conquistador |
| 37:34 | Create | Conquistador |
| 37:34 | Create | Conquistador |
| 37:35 | Create | Conquistador |
| 37:35 | Create | Conquistador |
| 38:24 | Create | Villager (Male) |
| 38:24 | Create | Villager (Male) |
| 38:25 | Create | Villager (Male) |
| 38:25 | Create | Villager (Male) |
| 38:25 | Create | Villager (Male) |
| 38:25 | Create | Villager (Male) |
| 38:26 | Create | Villager (Male) |
| 38:35 | Build | Mining Camp |
| 38:37 | Create | Villager (Male) |
| 38:37 | Create | Villager (Male) |
| 38:37 | Create | Villager (Male) |
| 38:37 | Create | Villager (Male) |
| 38:57 | Build | Barracks |
Build order — Jdog64
First 150 of 198 actions detected
| 0:01 | Create | Villager (Male) |
| 0:01 | Create | Villager (Male) |
| 0:02 | Build | House |
| 0:03 | Build | House |
| 0:50 | Create | Villager (Male) |
| 1:13 | Create | Villager (Male) |
| 1:43 | Create | Villager (Male) |
| 2:07 | Create | Villager (Male) |
| 2:11 | Build | Lumber Camp |
| 2:35 | Create | Villager (Male) |
| 3:01 | Create | Villager (Male) |
| 3:29 | Create | Villager (Male) |
| 3:55 | Create | Villager (Male) |
| 4:17 | Build | House |
| 4:20 | Create | Villager (Male) |
| 4:47 | Create | Villager (Male) |
| 5:23 | Create | Villager (Male) |
| 5:38 | Build | Mill |
| 5:51 | Create | Villager (Male) |
| 6:17 | Create | Villager (Male) |
| 6:55 | Research | Feudal Age |
| 8:01 | Build | House |
| 8:04 | Build | House |
| 8:30 | Build | Barracks |
| 9:00 | Build | Palisade Wall |
| 9:05 | Age | Feudal Age |
| 9:09 | Build | Mining Camp |
| 9:12 | Create | Villager (Male) |
| 9:42 | Create | Villager (Male) |
| 9:46 | Research | Loom |
| 10:15 | Build | Stable |
| 10:19 | Create | Villager (Male) |
| 10:39 | Create | Villager (Male) |
| 10:41 | Create | Villager (Male) |
| 10:52 | Create | Scout Cavalry |
| 10:52 | Create | Scout Cavalry |
| 11:11 | Build | Palisade Wall |
| 11:33 | Build | Palisade Gate |
| 11:36 | Create | Villager (Male) |
| 11:43 | Build | Palisade Wall |
| 11:47 | Create | Villager (Male) |
| 11:52 | Create | Scout Cavalry |
| 12:15 | Build | House |
| 12:16 | Build | House |
| 12:35 | Create | Villager (Male) |
| 12:37 | Create | Scout Cavalry |
| 13:00 | Build | House |
| 13:05 | Build | House |
| 13:06 | Build | House |
| 13:07 | Create | Villager (Male) |
| 13:13 | Research | Double-Bit Axe |
| 13:24 | Create | Scout Cavalry |
| 13:28 | Build | Farm |
| 13:30 | Build | Farm |
| 13:31 | Build | Farm |
| 13:33 | Build | Farm |
| 13:35 | Build | Farm |
| 13:43 | Create | Villager (Male) |
| 14:07 | Create | Scout Cavalry |
| 14:19 | Build | Farm |
| 14:20 | Create | Villager (Male) |
| 14:45 | Build | Farm |
| 14:46 | Create | Villager (Male) |
| 14:49 | Create | Scout Cavalry |
| 14:53 | Build | Farm |
| 15:32 | Build | Farm |
| 15:33 | Build | Farm |
| 15:39 | Create | Villager (Male) |
| 15:40 | Create | Scout Cavalry |
| 16:07 | Create | Villager (Male) |
| 16:13 | Build | Farm |
| 16:19 | Build | Palisade Gate |
| 17:01 | Create | Villager (Male) |
| 17:01 | Create | Scout Cavalry |
| 17:45 | Create | Villager (Male) |
| 17:48 | Create | Villager (Male) |
| 17:49 | Create | Villager (Male) |
| 17:51 | Build | Farm |
| 17:58 | Build | Farm |
| 18:01 | Create | Scout Cavalry |
| 18:03 | Create | Scout Cavalry |
| 18:15 | Build | Farm |
| 18:22 | Build | Farm |
| 18:25 | Build | Farm |
| 18:28 | Build | Farm |
| 18:30 | Build | Farm |
| 18:34 | Build | Farm |
| 18:36 | Build | Farm |
| 18:41 | Build | Farm |
| 18:45 | Build | Farm |
| 18:45 | Create | Villager (Male) |
| 18:47 | Build | Farm |
| 19:07 | Build | Farm |
| 19:20 | Build | Blacksmith |
| 19:33 | Build | Farm |
| 19:35 | Create | Villager (Male) |
| 20:03 | Create | Villager (Male) |
| 20:41 | Research | Castle Age |
| 21:10 | Research | Horse Collar |
| 22:50 | Build | Stable |
| 22:51 | Build | Stable |
| 22:52 | Build | Stable |
| 22:52 | Build | Stable |
| 23:20 | Build | House |
| 23:21 | Age | Castle Age |
| 23:32 | Create | Villager (Male) |
| 23:33 | Create | Villager (Male) |
| 24:42 | Build | Watch Tower |
| 24:46 | Create | Villager (Male) |
| 25:11 | Create | Villager (Male) |
| 25:40 | Build | Market |
| 25:43 | Create | Villager (Male) |
| 26:16 | Build | House |
| 26:42 | Build | Lumber Camp |
| 27:40 | Build | Watch Tower |
| 27:41 | Create | Villager (Male) |
| 27:50 | Build | Town Center |
| 28:06 | Create | Villager (Male) |
| 28:12 | Create | Camel Scout |
| 28:13 | Create | Camel Scout |
| 28:13 | Create | Camel Scout |
| 28:34 | Create | Villager (Male) |
| 28:36 | Create | Villager (Male) |
| 28:42 | Build | Palisade Gate |
| 28:57 | Build | Farm |
| 29:03 | Build | Farm |
| 29:05 | Create | Villager (Male) |
| 29:05 | Create | Villager (Male) |
| 29:17 | Build | Farm |
| 29:21 | Build | House |
| 29:21 | Build | House |
| 29:22 | Build | House |
| 29:23 | Build | House |
| 29:23 | Build | House |
| 29:24 | Build | House |
| 29:24 | Build | House |
| 29:24 | Build | House |
| 29:32 | Create | Villager (Male) |
| 29:32 | Create | Villager (Male) |
| 29:39 | Build | House |
| 29:40 | Build | House |
| 29:40 | Build | House |
| 29:41 | Build | House |
| 29:42 | Build | House |
| 29:42 | Build | House |
| 29:48 | Build | Farm |
| 30:03 | Create | Villager (Male) |
| 30:03 | Create | Villager (Male) |
| 30:15 | Create | Camel Scout |
| 30:15 | Create | Camel Scout |
Build order — RappeGol
First 150 of 369 actions detected
| 0:01 | Create | Villager (Male) |
| 0:01 | Create | Villager (Male) |
| 0:01 | Create | Villager (Male) |
| 0:02 | Create | Villager (Male) |
| 0:02 | Create | Villager (Male) |
| 0:03 | Build | House |
| 0:04 | Build | House |
| 1:23 | Create | Villager (Male) |
| 1:23 | Create | Villager (Male) |
| 1:51 | Build | Lumber Camp |
| 2:07 | Create | Villager (Male) |
| 2:16 | Create | Villager (Male) |
| 2:17 | Create | Villager (Male) |
| 2:50 | Create | Villager (Male) |
| 2:50 | Create | Villager (Male) |
| 3:21 | Create | Villager (Male) |
| 3:21 | Create | Villager (Male) |
| 3:36 | Create | Villager (Male) |
| 3:37 | Create | Villager (Male) |
| 3:56 | Create | Villager (Male) |
| 3:56 | Create | Villager (Male) |
| 4:01 | Build | House |
| 4:02 | Build | House |
| 4:27 | Create | Villager (Male) |
| 4:32 | Build | Mill |
| 5:00 | Create | Villager (Male) |
| 5:12 | Create | Villager (Male) |
| 5:33 | Create | Villager (Male) |
| 6:12 | Research | Loom |
| 6:39 | Create | Villager (Male) |
| 7:12 | Build | Barracks |
| 7:14 | Build | Palisade Wall |
| 7:18 | Research | Feudal Age |
| 7:18 | Research | Feudal Age |
| 8:25 | Build | House |
| 8:46 | Create | Villager (Male) |
| 9:00 | Build | House |
| 9:28 | Age | Feudal Age |
| 9:30 | Build | Stable |
| 9:32 | Research | Double-Bit Axe |
| 10:00 | Create | Villager (Male) |
| 10:00 | Create | Villager (Male) |
| 10:30 | Build | House |
| 10:30 | Create | Scout Cavalry |
| 10:31 | Create | Scout Cavalry |
| 10:31 | Create | Scout Cavalry |
| 10:31 | Create | Scout Cavalry |
| 10:58 | Build | Farm |
| 10:58 | Build | Farm |
| 10:58 | Build | Farm |
| 10:58 | Build | Farm |
| 10:59 | Build | Farm |
| 10:59 | Build | Farm |
| 10:59 | Build | Farm |
| 10:59 | Build | Farm |
| 11:10 | Build | House |
| 11:21 | Create | Villager (Male) |
| 11:42 | Build | House |
| 11:48 | Build | Farm |
| 12:02 | Create | Villager (Male) |
| 12:03 | Create | Villager (Male) |
| 12:24 | Create | Villager (Male) |
| 12:25 | Create | Villager (Male) |
| 12:31 | Build | House |
| 12:57 | Create | Villager (Male) |
| 12:57 | Create | Villager (Male) |
| 13:29 | Create | Villager (Male) |
| 13:29 | Create | Villager (Male) |
| 13:31 | Build | Farm |
| 13:33 | Build | Farm |
| 13:34 | Research | Horse Collar |
| 13:34 | Research | Horse Collar |
| 13:36 | Build | House |
| 13:48 | Create | Villager (Male) |
| 13:51 | Build | Farm |
| 14:02 | Create | Villager (Male) |
| 14:08 | Build | Palisade Wall |
| 14:29 | Create | Villager (Male) |
| 14:33 | Build | Farm |
| 14:37 | Build | Farm |
| 14:38 | Build | Farm |
| 14:38 | Build | Farm |
| 14:38 | Build | Farm |
| 14:38 | Build | Farm |
| 14:38 | Build | Farm |
| 14:39 | Build | Farm |
| 14:39 | Build | Farm |
| 15:10 | Build | Palisade Wall |
| 15:30 | Create | Villager (Male) |
| 15:33 | Build | Mining Camp |
| 16:05 | Create | Villager (Male) |
| 16:57 | Create | Villager (Male) |
| 17:20 | Build | Market |
| 17:23 | Build | Blacksmith |
| 17:35 | Create | Villager (Male) |
| 17:39 | Build | Palisade Wall |
| 17:59 | Create | Villager (Male) |
| 18:09 | Research | Gold Mining |
| 18:23 | Build | House |
| 18:24 | Research | Castle Age |
| 18:25 | Research | Castle Age |
| 18:49 | Build | Lumber Camp |
| 19:12 | Research | Scale Barding Armor |
| 19:20 | Create | Villager (Male) |
| 19:31 | Research | Bloodlines |
| 19:31 | Research | Bloodlines |
| 19:58 | Build | Stable |
| 21:05 | Age | Castle Age |
| 21:05 | Create | Camel Scout ×5 |
| 21:06 | Create | Camel Scout ×5 |
| 21:06 | Create | Camel Scout ×4 |
| 21:11 | Research | Bow Saw |
| 21:26 | Create | Villager (Male) |
| 21:50 | Build | Town Center |
| 21:51 | Create | Villager (Male) |
| 22:08 | Research | Chain Barding Armor |
| 22:10 | Create | Camel Scout ×2 |
| 22:10 | Create | Camel Scout ×2 |
| 22:10 | Create | Camel Scout ×2 |
| 22:43 | Create | Camel Scout ×2 |
| 22:43 | Create | Camel Scout ×2 |
| 22:45 | Create | Villager (Male) |
| 22:45 | Create | Villager (Male) |
| 22:54 | Build | Farm |
| 22:55 | Build | Farm |
| 22:57 | Create | Villager (Male) |
| 23:00 | Build | Farm |
| 23:40 | Create | Camel Scout ×3 |
| 23:40 | Create | Camel Scout ×3 |
| 23:46 | Create | Camel Scout |
| 23:46 | Create | Camel Scout |
| 23:58 | Build | Farm |
| 23:59 | Build | Farm |
| 24:01 | Build | Farm |
| 24:03 | Build | Farm |
| 24:04 | Create | Villager (Male) |
| 24:06 | Create | Villager (Male) |
| 24:06 | Create | Villager (Male) |
| 24:18 | Create | Villager (Male) |
| 24:41 | Research | Husbandry |
| 24:45 | Create | Villager (Male) |
| 24:49 | Build | Farm |
| 24:54 | Build | Farm |
| 24:55 | Build | Farm |
| 24:58 | Build | Farm |
| 24:59 | Create | Villager (Male) |
| 24:59 | Create | Villager (Male) |
| 25:08 | Create | Villager (Male) |
| 25:08 | Create | Villager (Male) |
| 25:15 | Build | Farm |
Build order — Camenin
First 150 of 329 actions detected
| 0:01 | Create | Villager (Male) |
| 0:01 | Create | Villager (Male) |
| 0:01 | Create | Villager (Male) |
| 0:03 | Build | House |
| 0:04 | Build | House |
| 0:17 | Create | Villager (Male) |
| 0:17 | Create | Villager (Male) |
| 1:25 | Create | Villager (Male) |
| 1:25 | Create | Villager (Male) |
| 1:46 | Build | Lumber Camp |
| 2:10 | Create | Villager (Male) |
| 2:10 | Create | Villager (Male) |
| 2:32 | Create | Villager (Male) |
| 2:33 | Create | Villager (Male) |
| 2:58 | Create | Villager (Male) |
| 2:58 | Create | Villager (Male) |
| 3:16 | Create | Villager (Male) |
| 3:17 | Create | Villager (Male) |
| 3:50 | Create | Villager (Male) |
| 3:50 | Create | Villager (Male) |
| 4:13 | Build | House |
| 4:15 | Build | House |
| 4:30 | Create | Villager (Male) |
| 4:34 | Build | Mill |
| 4:52 | Create | Villager (Male) |
| 4:52 | Create | Villager (Male) |
| 5:23 | Create | Villager (Male) |
| 5:43 | Create | Villager (Male) |
| 5:43 | Create | Villager (Male) |
| 6:13 | Create | Villager (Male) |
| 6:19 | Create | Villager (Male) |
| 6:49 | Create | Villager (Male) |
| 7:32 | Create | Villager (Male) |
| 7:36 | Research | Loom |
| 7:36 | Research | Loom |
| 7:50 | Create | Villager (Male) |
| 8:05 | Research | Feudal Age |
| 8:05 | Research | Feudal Age |
| 8:38 | Create | Villager (Male) |
| 9:00 | Build | Lumber Camp |
| 9:13 | Build | Barracks |
| 9:33 | Build | House |
| 10:05 | Build | Palisade Gate |
| 10:15 | Age | Feudal Age |
| 10:21 | Build | Stable |
| 10:30 | Build | Palisade Wall |
| 10:37 | Create | Villager (Male) |
| 10:39 | Research | Double-Bit Axe |
| 10:39 | Research | Double-Bit Axe |
| 10:40 | Research | Town Watch |
| 10:48 | Create | Villager (Male) |
| 10:48 | Create | Villager (Male) |
| 11:13 | Build | Palisade Wall |
| 11:13 | Create | Villager (Male) |
| 11:20 | Create | Scout Cavalry |
| 11:21 | Create | Scout Cavalry |
| 11:21 | Create | Villager (Male) |
| 11:21 | Create | Villager (Male) |
| 11:29 | Build | House |
| 11:34 | Build | Palisade Wall |
| 11:42 | Create | Scout Cavalry |
| 11:59 | Create | Villager (Male) |
| 12:01 | Create | Villager (Male) |
| 12:01 | Create | Villager (Male) |
| 12:16 | Build | Farm |
| 12:16 | Build | Farm |
| 12:16 | Build | Farm |
| 12:17 | Build | Farm |
| 12:17 | Build | Farm |
| 12:17 | Build | Farm |
| 12:42 | Build | Palisade Wall |
| 12:45 | Create | Villager (Male) |
| 13:05 | Create | Villager (Male) |
| 13:11 | Create | Scout Cavalry |
| 13:11 | Create | Scout Cavalry |
| 13:41 | Create | Villager (Male) |
| 13:51 | Create | Villager (Male) |
| 14:04 | Create | Villager (Male) |
| 14:17 | Create | Villager (Male) |
| 14:23 | Build | House |
| 14:32 | Create | Scout Cavalry |
| 14:38 | Build | Farm |
| 14:38 | Build | Farm |
| 14:39 | Build | Farm |
| 14:39 | Build | Farm |
| 14:39 | Build | Farm |
| 14:39 | Build | Farm |
| 14:49 | Research | Horse Collar |
| 14:49 | Research | Horse Collar |
| 15:10 | Create | Scout Cavalry |
| 15:21 | Build | House |
| 15:32 | Create | Scout Cavalry |
| 15:32 | Create | Scout Cavalry |
| 15:49 | Build | Palisade Wall |
| 15:51 | Create | Villager (Male) |
| 16:00 | Build | Mill |
| 16:04 | Create | Villager (Male) |
| 16:20 | Create | Villager (Male) |
| 16:29 | Build | Mining Camp |
| 16:35 | Create | Scout Cavalry |
| 16:51 | Build | Farm |
| 16:54 | Build | House |
| 16:59 | Build | Farm |
| 17:04 | Build | Market |
| 17:12 | Create | Villager (Male) |
| 17:14 | Create | Villager (Male) |
| 17:14 | Create | Villager (Male) |
| 17:44 | Create | Villager (Male) |
| 17:45 | Create | Scout Cavalry |
| 17:45 | Create | Scout Cavalry |
| 18:09 | Build | Mining Camp |
| 18:13 | Research | Wheelbarrow |
| 18:14 | Research | Wheelbarrow |
| 18:16 | Create | Villager (Male) |
| 18:49 | Build | House |
| 19:54 | Research | Castle Age |
| 19:55 | Research | Castle Age |
| 20:01 | Build | Blacksmith |
| 20:21 | Build | Archery Range |
| 20:22 | Build | Archery Range |
| 20:33 | Research | Bloodlines |
| 20:33 | Research | Bloodlines |
| 20:37 | Research | Gold Mining |
| 20:37 | Research | Gold Mining |
| 21:30 | Build | Archery Range |
| 21:48 | Build | Watch Tower |
| 21:50 | Research | Fletching |
| 21:50 | Research | Fletching |
| 22:11 | Build | Watch Tower |
| 22:34 | Age | Castle Age |
| 22:43 | Create | Cavalry Archer |
| 22:44 | Create | Cavalry Archer |
| 22:44 | Create | Cavalry Archer |
| 22:44 | Create | Cavalry Archer |
| 22:50 | Research | Bodkin Arrow |
| 22:50 | Research | Bodkin Arrow |
| 22:50 | Research | Bodkin Arrow |
| 22:51 | Create | Villager (Male) |
| 22:51 | Create | Villager (Male) |
| 23:31 | Create | Cavalry Archer |
| 23:32 | Create | Cavalry Archer |
| 23:39 | Create | Villager (Male) |
| 23:39 | Create | Villager (Male) |
| 23:53 | Create | Cavalry Archer |
| 23:53 | Create | Cavalry Archer |
| 23:53 | Create | Cavalry Archer |
| 24:09 | Create | Cavalry Archer |
| 24:09 | Create | Cavalry Archer |
| 24:44 | Create | Cavalry Archer |
| 24:44 | Create | Cavalry Archer |
Build order — Clone
First 150 of 233 actions detected
| 0:01 | Create | Villager (Male) |
| 0:02 | Create | Villager (Male) |
| 0:02 | Create | Villager (Male) |
| 0:02 | Create | Villager (Male) |
| 0:04 | Build | House |
| 0:07 | Build | House |
| 1:33 | Create | Villager (Male) |
| 1:33 | Create | Villager (Male) |
| 1:46 | Build | Lumber Camp |
| 2:06 | Create | Villager (Male) |
| 2:07 | Create | Villager (Male) |
| 2:25 | Create | Villager (Male) |
| 2:25 | Create | Villager (Male) |
| 2:47 | Create | Villager (Male) |
| 2:47 | Create | Villager (Male) |
| 3:06 | Create | Villager (Male) |
| 3:07 | Create | Villager (Male) |
| 3:29 | Build | House |
| 3:44 | Create | Villager (Male) |
| 3:44 | Create | Villager (Male) |
| 4:08 | Build | Mill |
| 4:12 | Create | Villager (Male) |
| 4:12 | Create | Villager (Male) |
| 4:12 | Create | Villager (Male) |
| 4:57 | Create | Villager (Male) |
| 4:57 | Create | Villager (Male) |
| 4:58 | Create | Villager (Male) |
| 5:30 | Create | Villager (Male) |
| 5:30 | Create | Villager (Male) |
| 6:06 | Build | House |
| 6:08 | Build | House |
| 6:15 | Create | Villager (Male) |
| 6:26 | Create | Villager (Male) |
| 7:06 | Create | Villager (Male) |
| 7:13 | Create | Villager (Male) |
| 7:37 | Build | Mining Camp |
| 7:40 | Create | Villager (Male) |
| 7:50 | Create | Villager (Male) |
| 8:12 | Create | Villager (Male) |
| 8:22 | Research | Feudal Age |
| 8:22 | Research | Feudal Age |
| 8:45 | Build | Mill |
| 8:55 | Build | Mining Camp |
| 9:04 | Research | Loom |
| 9:05 | Create | Villager (Male) |
| 9:05 | Create | Villager (Male) |
| 9:24 | Build | Barracks |
| 9:29 | Build | House |
| 10:32 | Age | Feudal Age |
| 10:45 | Build | Stable |
| 10:50 | Create | Villager (Male) |
| 10:50 | Create | Villager (Male) |
| 11:30 | Build | Farm |
| 11:47 | Create | Villager (Male) |
| 11:50 | Build | Farm |
| 11:52 | Create | Scout Cavalry |
| 11:53 | Create | Scout Cavalry |
| 11:54 | Create | Scout Cavalry |
| 11:54 | Create | Scout Cavalry |
| 12:05 | Build | Palisade Wall |
| 12:10 | Build | House |
| 12:15 | Build | House |
| 12:33 | Build | Palisade Wall |
| 12:39 | Build | Farm |
| 12:40 | Create | Villager (Male) |
| 12:41 | Create | Villager (Male) |
| 12:42 | Create | Villager (Male) |
| 12:56 | Build | House |
| 12:58 | Build | Palisade Wall |
| 13:09 | Build | Farm |
| 13:34 | Build | Farm |
| 13:38 | Build | Farm |
| 13:40 | Create | Villager (Male) |
| 14:07 | Build | House |
| 14:11 | Build | Farm |
| 14:16 | Research | Double-Bit Axe |
| 14:20 | Create | Villager (Male) |
| 14:34 | Build | Palisade Wall |
| 15:31 | Create | Villager (Male) |
| 15:31 | Create | Villager (Male) |
| 15:32 | Create | Villager (Male) |
| 15:32 | Create | Villager (Male) |
| 15:41 | Build | Blacksmith |
| 15:44 | Build | House |
| 15:50 | Build | Palisade Wall |
| 15:59 | Build | House |
| 16:02 | Build | Palisade Wall |
| 16:05 | Build | Farm |
| 16:07 | Create | Villager (Male) |
| 16:33 | Build | Farm |
| 16:35 | Create | Villager (Male) |
| 17:37 | Create | Villager (Male) |
| 17:38 | Create | Villager (Male) |
| 17:41 | Build | Farm |
| 17:42 | Build | Farm |
| 17:43 | Build | Farm |
| 17:55 | Build | Farm |
| 17:56 | Build | Farm |
| 17:57 | Build | Farm |
| 17:58 | Build | Farm |
| 18:03 | Build | House |
| 18:11 | Build | Palisade Wall |
| 18:16 | Build | House |
| 18:17 | Build | House |
| 18:24 | Build | Palisade Wall |
| 18:31 | Build | Farm |
| 18:38 | Research | Castle Age |
| 19:29 | Build | Stable |
| 19:33 | Build | Palisade Wall |
| 19:39 | Build | Farm |
| 19:49 | Research | Gold Mining |
| 19:54 | Research | Scale Barding Armor |
| 20:16 | Build | Stable |
| 20:29 | Build | Farm |
| 20:31 | Create | Villager (Male) |
| 20:32 | Create | Villager (Male) |
| 21:06 | Create | Villager (Male) |
| 21:06 | Create | Villager (Male) |
| 21:09 | Research | Wheelbarrow |
| 21:31 | Age | Castle Age |
| 21:35 | Build | Palisade Gate |
| 21:54 | Build | Town Center |
| 22:02 | Build | Farm |
| 22:09 | Create | Knight ×5 |
| 22:52 | Build | Town Center |
| 23:24 | Research | Chain Barding Armor |
| 23:31 | Create | Villager (Male) |
| 23:32 | Create | Villager (Male) |
| 23:36 | Create | Knight |
| 23:36 | Create | Knight |
| 24:10 | Create | Villager (Male) |
| 24:10 | Create | Villager (Male) |
| 24:11 | Create | Villager (Male) |
| 24:12 | Create | Villager (Male) |
| 24:12 | Create | Villager (Male) |
| 24:15 | Create | Villager (Male) |
| 24:15 | Create | Villager (Male) |
| 24:15 | Create | Villager (Male) |
| 24:16 | Create | Villager (Male) |
| 24:59 | Build | Farm |
| 25:04 | Create | Villager (Male) |
| 25:05 | Create | Villager (Male) |
| 25:05 | Create | Villager (Male) |
| 25:08 | Create | Villager (Male) |
| 25:09 | Create | Villager (Male) |
| 25:09 | Create | Villager (Male) |
| 25:09 | Create | Villager (Male) |
| 25:12 | Build | Farm |
| 25:13 | Build | Farm |
| 25:16 | Create | Villager (Male) |
Match timeline
| 5:50 | MayaWilly · first_building Dock |
| 7:12 | RappeGol · first_building Barracks |
| 7:14 | RappeGol · wall_segment Palisade Wall x1 |
| 8:30 | Jdog64 · first_building Barracks |
| 9:00 | Jdog64 · wall_segment Palisade Wall x11 |
| 9:05 | Jdog64 · age_up feudal |
| 9:13 | Camenin · first_building Barracks |
| 9:13 | MayaWilly · wall_segment Palisade Wall x12 |
| 9:24 | MayaWilly · wall_segment Palisade Wall x16 |
| 9:24 | Clone · first_building Barracks |
| 9:28 | RappeGol · age_up feudal |
| 9:30 | RappeGol · first_building Stable |
| 9:31 | MayaWilly · wall_segment Palisade Wall x10 |
| 10:15 | Jdog64 · first_building Stable |
| 10:15 | Camenin · age_up feudal |
| 10:21 | Camenin · first_building Stable |
| 10:30 | Camenin · wall_segment Palisade Wall x4 |
| 10:32 | Clone · age_up feudal |
| 10:45 | Clone · first_building Stable |
| 11:02 | MayaWilly · wall_segment Palisade Wall x1 |
| 11:11 | Jdog64 · wall_segment Palisade Wall x9 |
| 11:13 | Camenin · wall_segment Palisade Wall x20 |
| 11:27 | MayaWilly · wall_segment Palisade Wall x12 |
| 11:34 | Camenin · wall_segment Palisade Wall x8 |
| 11:43 | Jdog64 · wall_segment Palisade Wall x12 |
| 11:45 | chinese bonfire · age_up feudal |
| 12:05 | Clone · wall_segment Palisade Wall x3 |
| 12:10 | Slinkies · age_up feudal |
| 12:15 | MayaWilly · wall_segment Palisade Wall x6 |
| 12:19 | MayaWilly · age_up feudal |
| 12:33 | Clone · wall_segment Palisade Wall x6 |
| 12:37 | MadKitten 77 · wall_segment Palisade Wall x3 |
| 12:42 | Camenin · wall_segment Palisade Wall x17 |
| 12:58 | Clone · wall_segment Palisade Wall x3 |
| 13:31 | MadKitten 77 · wall_segment Palisade Wall x6 |
| 13:35 | MadKitten 77 · wall_segment Palisade Wall x6 |
| 13:41 | MadKitten 77 · wall_segment Palisade Wall x6 |
| 14:04 | chinese bonfire · wall_segment Palisade Wall x1 |
| 14:06 | chinese bonfire · wall_segment Palisade Wall x1 |
| 14:08 | RappeGol · wall_segment Palisade Wall x5 |
| 14:27 | chinese bonfire · first_building Barracks |
| 14:34 | Clone · wall_segment Palisade Wall x9 |
| 14:55 | MadKitten 77 · wall_segment Palisade Wall x10 |
| 14:58 | Slinkies · first_building Barracks |
| 15:10 | RappeGol · wall_segment Palisade Wall x11 |
| 15:32 | chinese bonfire · age_up castle |
| 15:48 | MayaWilly · first_building Barracks |
| 15:49 | Camenin · wall_segment Palisade Wall x7 |
| 15:50 | Clone · wall_segment Palisade Wall x8 |
| 16:02 | Clone · wall_segment Palisade Wall x9 |
| 16:33 | MadKitten 77 · wall_segment Palisade Wall x4 |
| 16:35 | MadKitten 77 · wall_segment Palisade Wall x1 |
| 17:39 | RappeGol · wall_segment Palisade Wall x1 |
| 18:11 | Clone · wall_segment Palisade Wall x7 |
| 18:24 | Clone · wall_segment Palisade Wall x8 |
| 19:16 | MayaWilly · age_up castle |
| 19:33 | Clone · wall_segment Palisade Wall x1 |
| 20:21 | Camenin · first_building Archery Range |
| 20:41 | MadKitten 77 · wall_segment Stone Wall x1 |
| 21:05 | RappeGol · age_up castle |
| 21:31 | Clone · age_up castle |
| 21:48 | MadKitten 77 · first_building Castle |
| 21:59 | MadKitten 77 · wall_segment Stone Wall x1 |
| 22:34 | Camenin · age_up castle |
| 22:48 | Camenin · first_market_sell 100 stone |
| 22:51 | RappeGol · first_market_sell 100 stone |
| 22:52 | RappeGol · first_market_buy 100 wood |
| 23:21 | Jdog64 · age_up castle |
| 23:59 | MadKitten 77 · first_building Siege Workshop |
| 24:56 | MayaWilly · first_market_buy 100 food |
| 24:58 | Slinkies · first_building Archery Range |
| 25:53 | MadKitten 77 · first_market_sell 100 food |
| 25:53 | RappeGol · first_building Siege Workshop |
| 25:56 | Clone · first_building Castle |
| 26:58 | Jdog64 · first_market_sell 100 food |
| 27:01 | Jdog64 · first_market_buy 100 stone |
| 27:13 | chinese bonfire · first_building Archery Range |
| 27:26 | Slinkies · wall_segment Stone Wall x1 |
| 27:43 | Slinkies · wall_segment Stone Wall x1 |
| 27:46 | Slinkies · wall_segment Stone Wall x8 |
| 27:50 | Slinkies · wall_segment Stone Wall x13 |
| 28:01 | MayaWilly · wall_segment Palisade Wall x1 |
| 28:14 | RappeGol · first_building Monastery |
| 28:18 | MayaWilly · first_building Siege Workshop |
| 28:55 | MayaWilly · first_building Castle |
| 28:56 | chinese bonfire · first_market_buy 100 food |
| 29:05 | Slinkies · age_up castle |
| 29:15 | chinese bonfire · first_market_sell 100 food |
| 29:36 | Clone · wall_segment Palisade Wall x1 |
| 30:00 | Camenin · first_market_buy 100 wood |
| 30:57 | MayaWilly · wall_segment Palisade Wall x4 |
| 31:06 | Jdog64 · first_building Archery Range |
| 33:17 | RappeGol · first_building Castle |
| 33:25 | MayaWilly · age_up imperial |
| 33:25 | Clone · wall_segment Palisade Wall x1 |
| 34:15 | chinese bonfire · first_building Monastery |
| 34:43 | MayaWilly · wall_segment Palisade Wall x6 |
| 35:44 | Clone · age_up imperial |
| 35:53 | Camenin · wall_segment Stone Wall x5 |
| 36:08 | MadKitten 77 · first_market_buy 100 food |
| 36:25 | Slinkies · first_building Monastery |
| 36:49 | Camenin · wall_segment Stone Wall x7 |
| 37:17 | Clone · first_market_sell 100 wood |
| 37:24 | RappeGol · age_up imperial |
| 37:26 | Slinkies · wall_segment Stone Wall x19 |
| 38:51 | Camenin · first_building Monastery |
| 38:57 | chinese bonfire · first_building Castle |
| 38:57 | MadKitten 77 · first_building Barracks |
| 39:13 | chinese bonfire · age_up imperial |
| 39:14 | Camenin · wall_segment Stone Wall x2 |
| 39:24 | Camenin · wall_segment Stone Wall x8 |
| 39:28 | Camenin · wall_segment Stone Wall x6 |
| 40:01 | MadKitten 77 · first_building Stable |
| 40:11 | Clone · resign |
[ AI ANALYSIS · 1 CREDIT ]
What really happened in this match?
Wolo.gg analyzes every decision: build order, eco, micro, common mistakes by bracket. Personalized analysis on WhatsApp or Discord in 30 seconds.
Civ guide
Koreans
Perfil
Jugador #21536422